 Dungeon Crawl Stone Soup version 0.19-a0-1341-g3513869 (webtiles) character file.

145 Leszczynek the Cudgeler (level 5, -1/54 HPs)
             Began as an Ogre Monk on Sept 1, 2016.
             Slain by a worker ant (6 damage)
             ... on level 5 of the Dungeon.
             The game lasted 00:03:30 (904 turns).

Leszczynek the Cudgeler (Ogre Monk)                  Turns: 904, Time: 00:03:31

Health: -1/54      AC:  3    Str: 16    XL:     5   Next: 27%
Magic:  5/5        EV: 10    Int: 10    God:
Gold:   43         SH:  0    Dex: 12    Spells: 0 memorised, 4 levels left

rFire  . . .     SeeInvis .     a - +0 flail
rCold  . . .     Gourm    .     b - +0 robe
rNeg   . . .     Faith    .     (no shield)
rPois  .         Spirit   .     (helmet restricted)
rElec  .         Dismiss  .     (no cloak)
rCorr  .         Reflect  .     (gloves unavailable)
MR     .....     Harm     .     (boots unavailable)
Stlth  ++........               (no amulet)
                                (no ring)
                                (no ring)

@: lethally poisoned (-1 -> -4)
A: unfitting armour, tough skin 1
a: no special abilities


You were on level 5 of the Dungeon.
You were not hungry.

You visited 1 branch of the dungeon, and saw 5 of its levels.

You collected 43 gold pieces.

Inventory:

Hand Weapons
 a - a +0 flail (weapon)
 e - a +0 mace
Armour
 b - a +0 robe (worn)
Scrolls
 c - a scroll of remove curse {unknown}
 g - a scroll of blinking {unknown}
 i - 2 scrolls of identify {unknown}
Potions
 h - a potion of haste {unknown}
 j - a potion of flight {unknown}
Comestibles
 d - 2 bread rations
 f - 3 chunks of flesh


   Skills:
 - Level 4.0 Fighting
 + Level 7.7 Maces & Flails
 - Level 2.6 Dodging
 - Level 1.5 Stealth


You had 4 spell levels left.
You didn't know any spells.

Dungeon Overview and Level Annotations

Branches:
Dungeon (5/15)
 Temple: D:4-7

Altars:

Shops:
D:4 =


Innate Abilities, Weirdness & Mutations

You are too large for most types of armour.
You have tough skin. (AC +1)


Message History

The worker ant poisons you!
Unknown command.
You hit the worker ant but do no damage.
The worker ant is lightly wounded.
You feel sick. The worker ant barely misses you.
You barely miss the worker ant.
The worker ant is lightly wounded.
You feel sick.
The worker ant bites you but does no damage.
You sock the worker ant!
The worker ant is almost dead.
The worker ant bites you!
* * * LOW HITPOINT WARNING * * *
You are too injured to fight recklessly!
You closely miss the worker ant.
The worker ant is almost dead.
The worker ant bites you!
* * * LOW HITPOINT WARNING * * *
The worker ant bites you.
You die...

## ..# #.# ##.###
##.... ##...##
######.#(..##
#..>......#a#
#######.####.##.@#
#.....>.....#.#.##
#...............#
...####.###.#####
#..# #.# #.#.. .#
#..####.# #.#.#
#.#
#.......###.#.#
#.#
#...####....#.#
#.# #...###.#
#.#.#######.######


You could see a worker ant.

Vanquished Creatures
  A hound (D:4)
  An orc wizard (D:4)
  A worker ant (D:5)
  A hound skeleton (D:4)
  A gnoll (D:3)
  2 adders (D:3)
  An ooze (D:3)
  4 orcs
  A giant cockroach (D:3)
  2 hobgoblins (D:2)
  3 jackals (D:2)
  A kobold (D:3)
  A bat (D:3)
  A goblin (D:2)
  A rat (D:2)
22 creatures vanquished.

Vanquished Creatures (others)
  A plant (D:4)
1 creature vanquished.

Grand Total: 23 creatures vanquished

Notes
Turn   | Place    | Note
-------+----------+-------------------------------------------
     0 | D:1      | Leszczynek the Ogre Monk began the quest for the Orb.
     0 | D:1      | Reached XP level 1. HP: 24/24 MP: 1/1
    68 | D:2      | Reached XP level 2. HP: 9/32 MP: 2/2
   174 | D:3      | Reached skill level 5 in Maces & Flails
   543 | D:3      | Reached XP level 3. HP: 31/39 MP: 3/3
   581 | D:3      | Reached skill level 6 in Maces & Flails
   689 | D:4      | Reached XP level 4. HP: 34/48 MP: 4/4
   777 | D:4      | Reached skill level 7 in Maces & Flails
   777 | D:4      | Reached XP level 5. HP: 27/54 MP: 5/5
   806 | D:4      | Found Zuwoku's Jewellery Boutique.
   840 | D:5      | Entered Level 5 of the Dungeon
   904 | D:5      | HP: 5/54 [worker ant (7)]
   904 | D:5      | Slain by a worker ant

Vault maps used:
D:1:      dpeg_arrival_boxorama, xom_teletrap_fun
D:2:      kiku_gazebo_pond_becter, ecumenical_altar_2, uniq_crazy_yiuf_cottage
D:3:      solitary_fountain
D:4:      serial_shops, shop_statue, serial_bayou_lagoon_b
D:5:      kennysheep_little_box, first_bread, uniq_prince_ribbit1, uniq_edmund

Skill      XL: |  1  2  3  4 |
---------------+-------------+-----
Maces & Flails | 5 6 7 |  7.7
Fighting       | |  4.0
Dodging        | |  2.6
Stealth        | |  1.5

Action                   |  1- 3 |  4- 6 || total
-------------------------+-------+-------++-------
Melee: Mace              |    48 |       ||    48
       Flail             |    13 |    30 ||    43
 Stab: Sleeping          |     1 |     2 ||     3
  Eat: Chunk             |     1 |     1 ||     2
Armor: Robe              |     8 |     5 ||    13
Dodge: Dodged            |    36 |     8 ||    44
